BSA
GREENVILLE 84S @ VISTA PANTHERS
09/14/2028
 
TOP OF THE 1ST
Greenville 84s batting - Pitching for Vista Panthers : RHP Paco Canpos
Pitching: RHP Paco Canpos
Batting: RHB Carlos Torres 0-0: Ball
1-0: Ball
2-0: Called Strike
2-1: Ball
3-1: Base on Balls
Batting: LHB Chris Moore 0-0: Swinging Strike
0-1: Ball
1-1: Ball
2-1: Called Strike
2-2: SINGLE (Groundball, 4MD)
Carlos Torres to second
Runner from 2nd tries for 3rd, SAFE, no throw
Batting: RHB Enzo Díaz 0-0: Swinging Strike
0-1: Fly out, F5 (Line Drive, 5)
Batting: LHB Brock Larsen 0-0: Called Strike
0-1: Swinging Strike
0-2: Strikes out looking
Batting: LHB Jimmy Vickers 0-0: Ball
1-0: Called Strike
1-1: Foul Ball, location: 2F
1-2: Fly out, F8 (Flyball, 78D)
Top of the 1st over - 0 run(s), 1 hit(s), 0 error(s), 2 left on base; Greenville 0 - Vista 0
BOTTOM OF THE 1ST
Vista Panthers batting - Pitching for Greenville 84s : LHP Hong-ryul Yun
Pitching: LHP Hong-ryul Yun
Batting: RHB Justin Burgess 0-0: Foul Ball, location: 2F
0-1: Foul Ball, location: 2F
0-2: Fly out, F9 (Flyball, 9S)
Batting: RHB Alfredo Rivera 0-0: Ball
1-0: Called Strike
1-1: Foul Ball, location: 2F
1-2: Ball
2-2: Ball
3-2: Foul Ball, location: 2F
3-2: Strikes out swinging
Batting: RHB Guo-xiu Choi 0-0: Called Strike
0-1: Fly out, F9 (Flyball, 9LSF)
Bottom of the 1st over - 0 run(s), 0 hit(s), 0 error(s), 0 left on base; Greenville 0 - Vista 0
TOP OF THE 2ND
Greenville 84s batting - Pitching for Vista Panthers : RHP Paco Canpos
Batting: RHB Robert Buckley 0-0: Called Strike
0-1: Ball
1-1: Called Strike
1-2: DOUBLE (Line Drive, 7LM)
Batting: RHB Pat Fernández 0-0: Fly out, F8 (Flyball, 8RD)
Runner from 2nd tags up, SAFE at 3rd, no throw
Batting: LHB José Costa 0-0: Ball
1-0: Ball
2-0: Called Strike
2-1: Called Strike
2-2: Ground out 6-3 (Groundball, 6M)
Robert Buckley scores
Batting: RHB Patrick Potts 0-0: Ball
1-0: Ball
2-0: Foul Ball, location: 2F
2-1: Swinging Strike
2-2: Foul Ball, location: 2F
2-2: Foul Ball, location: 2F
2-2: Strikes out swinging
Top of the 2nd over - 1 run(s), 1 hit(s), 0 error(s), 0 left on base; Greenville 1 - Vista 0
BOTTOM OF THE 2ND
Vista Panthers batting - Pitching for Greenville 84s : LHP Hong-ryul Yun
Batting: RHB Stephen Wilson 0-0: Ball
1-0: Ball
2-0: Called Strike
2-1: Foul Ball, location: 2F
2-2: Ground out 6-3 (Groundball, 6)
Batting: RHB Cisco Gatán 0-0: SOLO HOME RUN (Flyball, 7LD), Distance : 410 ft
Batting: RHB Phil Matthews 0-0: Ball
1-0: Ball
2-0: Ground out 5-3 (Groundball, 5S)
Batting: LHB Juan Cortés 0-0: Swinging Strike
0-1: Ball
1-1: Ball
2-1: Called Strike
2-2: Ball
3-2: Base on Balls
Batting: RHB Johnny Williams 0-0: Called Strike
0-1: Ball
1-1: Ball
2-1: Fielders Choice at 2nd, 4-6 (Groundball, 4)
Bottom of the 2nd over - 1 run(s), 1 hit(s), 0 error(s), 0 left on base; Greenville 1 - Vista 1
TOP OF THE 3RD
Greenville 84s batting - Pitching for Vista Panthers : RHP Paco Canpos
Batting: RHB Carlos Torres 0-0: Called Strike
0-1: Foul Ball, location: 2F
0-2: Ball
1-2: Ball
2-2: Ball
3-2: Foul Ball, location: 2F
3-2: Fly out, F9 (Flyball, 9D)
Batting: LHB Chris Moore 0-0: Foul Ball, location: 2F
0-1: Foul Ball, location: 2F
0-2: Ball
1-2: Foul Ball, location: 2F
1-2: Ball
2-2: Fly out, F8 (Flyball, 8LM)
Batting: RHB Enzo Díaz 0-0: Ball
1-0: Foul Ball, location: 2F
1-1: Ball
2-1: Foul Ball, location: 2F
2-2: Fly out, F8 (Flyball, 8LM)
Top of the 3rd over - 0 run(s), 0 hit(s), 0 error(s), 0 left on base; Greenville 1 - Vista 1
BOTTOM OF THE 3RD
Vista Panthers batting - Pitching for Greenville 84s : LHP Hong-ryul Yun
Batting: RHB Alfredo López 0-0: Called Strike
0-1: SOLO HOME RUN (Flyball, 7LD), Distance : 413 ft
Batting: RHB Justin Burgess 0-0: Ball
1-0: Ball
2-0: Called Strike
2-1: Called Strike
2-2: Ball
3-2: Foul Ball, location: 2F
3-2: DOUBLE (Line Drive, 9LM)
Batting: RHB Alfredo Rivera 0-0: Called Strike
0-1: Ball
1-1: Ball
2-1: Ball
3-1: Swinging Strike
3-2: Strikes out looking
Batting: RHB Guo-xiu Choi 0-0: Ball
1-0: Called Strike
1-1: Foul Ball, location: 2F
1-2: SINGLE (Groundball, 6MD)
Justin Burgess to third
Runner from 3rd tries for Home, SAFE, throw made home
Guo-xiu Choi to second
Batting: RHB Stephen Wilson 0-0: Fly out, F9 (Line Drive, 9)
Batting: RHB Cisco Gatán 0-0: Ball
1-0: Called Strike
1-1: Ball
2-1: Ball
3-1: Fly out, F4 (Popup, 34)
Bottom of the 3rd over - 2 run(s), 3 hit(s), 0 error(s), 1 left on base; Greenville 1 - Vista 3
TOP OF THE 4TH
Greenville 84s batting - Pitching for Vista Panthers : RHP Paco Canpos
Batting: LHB Brock Larsen 0-0: Called Strike
0-1: Ground out 6-3 (Groundball, 6D)
Batting: LHB Jimmy Vickers 0-0: Ball
1-0: Ball
2-0: Fly out, F7 (Flyball, 7LM)
Batting: RHB Robert Buckley 0-0: Ball
1-0: Ground out 1-3 (Groundball, P)
Top of the 4th over - 0 run(s), 0 hit(s), 0 error(s), 0 left on base; Greenville 1 - Vista 3
BOTTOM OF THE 4TH
Vista Panthers batting - Pitching for Greenville 84s : LHP Hong-ryul Yun
Batting: RHB Phil Matthews 0-0: Called Strike
0-1: Foul Ball, location: 2F
0-2: Ground out 6-3 (Groundball, 56)
Batting: LHB Juan Cortés 0-0: Called Strike
0-1: Ball
1-1: Ball
2-1: Ball
3-1: Called Strike
3-2: Foul Ball, location: 2F
3-2: Foul Ball, location: 2F
3-2: Foul Ball, location: 2F
3-2: Strikes out swinging
Batting: RHB Johnny Williams 0-0: Ball
1-0: Ball
2-0: Foul Ball, location: 2F
2-1: Foul Ball, location: 2F
2-2: Ground out 5-3 (Groundball, 5)
Bottom of the 4th over - 0 run(s), 0 hit(s), 0 error(s), 0 left on base; Greenville 1 - Vista 3
TOP OF THE 5TH
Greenville 84s batting - Pitching for Vista Panthers : RHP Paco Canpos
Batting: RHB Pat Fernández 0-0: Ball
1-0: SINGLE (Line Drive, 7LS)
Batting: LHB José Costa 0-0: Ball
1-0: Called Strike
1-1: Ball
2-1: Ball
3-1: Fly out, F7 (Flyball, 7LS)
Batting: RHB Patrick Potts 0-0: Ball
1-0: Foul Ball, location: 2F
1-1: Ball
2-1: Ground out 5-3 (Groundball, 56S)
Pat Fernández to second
Batting: RHB Carlos Torres 0-0: Ball
1-0: Ball
2-0: Foul Ball, location: 2F
2-1: Foul Ball, location: 2F
2-2: Fly out, F9 (Flyball, 9)
Top of the 5th over - 0 run(s), 1 hit(s), 0 error(s), 1 left on base; Greenville 1 - Vista 3
BOTTOM OF THE 5TH
Vista Panthers batting - Pitching for Greenville 84s : LHP Hong-ryul Yun
Batting: RHB Alfredo López 0-0: Swinging Strike
0-1: Foul Ball, location: 2F
0-2: Foul Ball, location: 2F
0-2: Ball
1-2: Ball
2-2: Ball
3-2: Strikes out swinging
Batting: RHB Justin Burgess 0-0: Ball
1-0: Called Strike
1-1: Ball
2-1: Foul Ball, location: 2F
2-2: SINGLE (Line Drive, 34D)
Batting: RHB Alfredo Rivera 0-0: Ball
1-0: Called Strike
Justin Burgess steals 2nd base
1-1: Intentional Walk
Batting: RHB Guo-xiu Choi 0-0: Swinging Strike
0-1: Swinging Strike
0-2: Strikes out swinging
Batting: RHB Stephen Wilson 0-0: Called Strike
0-1: Foul Ball, location: 2F
0-2: Ball
1-2: Strikes out looking
Bottom of the 5th over - 0 run(s), 1 hit(s), 0 error(s), 2 left on base; Greenville 1 - Vista 3
TOP OF THE 6TH
Greenville 84s batting - Pitching for Vista Panthers : RHP Paco Canpos
Batting: LHB Chris Moore 0-0: Called Strike
0-1: Swinging Strike
0-2: Foul Ball, location: 2F
0-2: Ball
1-2: Foul Ball, location: 2F
1-2: Foul Ball, location: 2F
1-2: Ground out U3 (Groundball, 34)
Batting: RHB Enzo Díaz 0-0: Ground out 5-3 (Groundball, 56)
Batting: LHB Brock Larsen 0-0: Ball
1-0: Ball
2-0: Foul Ball, location: 2F
2-1: Called Strike
2-2: Strikes out swinging
Top of the 6th over - 0 run(s), 0 hit(s), 0 error(s), 0 left on base; Greenville 1 - Vista 3
BOTTOM OF THE 6TH
Vista Panthers batting - Pitching for Greenville 84s : LHP Hong-ryul Yun
Batting: RHB Cisco Gatán 0-0: Called Strike
0-1: Foul Ball, location: 2F
0-2: Foul Ball, location: 2F
0-2: Ball
1-2: Ball
2-2: Ball
3-2: Base on Balls
Batting: RHB Phil Matthews 0-0: SINGLE (Flyball, 8LS)
Cisco Gatán to second
Batting: LHB Juan Cortés 0-0: Ball
1-0: Ball
2-0: Called Strike
2-1: Fly out, F8 (Flyball, 89M)
Batting: RHB Johnny Williams 0-0: Swinging Strike
0-1: Ball
1-1: DOUBLE (Line Drive, 7LS)
Cisco Gatán scores
Phil Matthews to third
Batting: RHB Alfredo López 0-0: Ball
1-0: Ball
2-0: Foul Ball, location: 2F
2-1: Foul Ball, location: 2F
2-2: Strikes out swinging
Batting: RHB Justin Burgess 0-0: Called Strike
0-1: Swinging Strike
0-2: Foul Ball, location: 2F
0-2: Ball
1-2: Strikes out swinging
Bottom of the 6th over - 1 run(s), 2 hit(s), 0 error(s), 2 left on base; Greenville 1 - Vista 4
TOP OF THE 7TH
Greenville 84s batting - Pitching for Vista Panthers : RHP Paco Canpos
Pitching: RHP José Betancourt
Batting: LHB Jimmy Vickers 0-0: Called Strike
0-1: Ball
1-1: Ball
2-1: Swinging Strike
2-2: Strikes out looking
Batting: RHB Robert Buckley 0-0: Ball
1-0: Called Strike
1-1: Swinging Strike
1-2: Strikes out swinging
Batting: RHB Pat Fernández 0-0: Foul Ball, location: 2F
0-1: Foul Ball, location: 2F
0-2: Strikes out swinging
Top of the 7th over - 0 run(s), 0 hit(s), 0 error(s), 0 left on base; Greenville 1 - Vista 4
BOTTOM OF THE 7TH
Vista Panthers batting - Pitching for Greenville 84s : LHP Hong-ryul Yun
Batting: RHB Alfredo Rivera 0-0: Foul Ball, location: 2F
0-1: Fly out, F9 (Flyball, 9S)
Batting: RHB Guo-xiu Choi 0-0: Foul Ball, location: 2F
0-1: Ground out 6-3 (Groundball, 6)
Batting: RHB Stephen Wilson 0-0: Foul Ball, location: 2F
0-1: Ball
1-1: Foul Ball, location: 2F
1-2: Ground out 5-3 (Groundball, 56S)
Bottom of the 7th over - 0 run(s), 0 hit(s), 0 error(s), 0 left on base; Greenville 1 - Vista 4
TOP OF THE 8TH
Greenville 84s batting - Pitching for Vista Panthers : RHP José Betancourt
Batting: LHB José Costa 0-0: Ball
1-0: Ball
2-0: Called Strike
2-1: Fly out, F3 (Popup, 3)
Batting: RHB Patrick Potts 0-0: Ball
1-0: Called Strike
1-1: Ground out 6-3 (Groundball, 6MS)
Batting: RHB Carlos Torres 0-0: Ball
1-0: Foul Ball, location: 2F
1-1: Ball
2-1: Ground out 5-3 (Groundball, 5)
Top of the 8th over - 0 run(s), 0 hit(s), 0 error(s), 0 left on base; Greenville 1 - Vista 4
BOTTOM OF THE 8TH
Vista Panthers batting - Pitching for Greenville 84s : LHP Hong-ryul Yun
Pitching: RHP David Bishop
Batting: RHB Cisco Gatán 0-0: Swinging Strike
0-1: SINGLE (Line Drive, 6)
Batting: RHB Phil Matthews 0-0: Ball
1-0: Bunted foul
1-1: Bunt - Flyout! F1
Batting: LHB Juan Cortés 0-0: Ball
1-0: Called Strike
1-1: Grounds into double play, 6-4-3 (Groundball, 6)
Bottom of the 8th over - 0 run(s), 1 hit(s), 0 error(s), 0 left on base; Greenville 1 - Vista 4
TOP OF THE 9TH
Greenville 84s batting - Pitching for Vista Panthers : RHP José Betancourt
Pitching: RHP António López
Batting: LHB Chris Moore 0-0: Swinging Strike
0-1: Swinging Strike
0-2: Strikes out swinging
Batting: RHB Enzo Díaz 0-0: Called Strike
0-1: Ball
1-1: Reached on error, E5 (Groundball, 56S)
Batting: LHB Brock Larsen 0-0: Ball
1-0: Fly out, F5 (Line Drive, 5S)
Batting: LHB Jimmy Vickers 0-0: Called Strike
0-1: Swinging Strike
0-2: Foul Ball, location: 2F
0-2: Ball
1-2: Foul Ball, location: 2F
1-2: 2-RUN HOME RUN (Flyball, 9D), Distance : 412 ft
Pinch Hitting: LHB Robert Moore 0-0: Ball
1-0: Swinging Strike
1-1: Foul Ball, location: 2F
1-2: Ball
2-2: Ball
3-2: Strikes out swinging
Top of the 9th over - 2 run(s), 1 hit(s), 1 error(s), 0 left on base; Greenville 3 - Vista 4
Tuesday, August 8th, 2017 - OOTP Baseball 17.12 Build 75